 Dungeon Crawl Stone Soup version 0.24-a0-355-gbe4061de67 (webtiles) character file.

Game seed: 7926037820248669708

13 Lanoc the Cudgeler (level 2, -1/43 HPs)
             Began as a Troll Berserker on May 24, 2019.
             Was a Follower of Trog.
             Slain by an ice beast (5 damage)
             ... on level 3 of the Dungeon.
             The game lasted 00:00:30 (136 turns).

Lanoc the Cudgeler (Troll Berserker)                 Turns: 136, Time: 00:00:30

Health: -1/43      AC:  6    Str: 29    XL:     2   Next: 24%
Magic:  1/1        EV: 10    Int:  3    God:    Trog [*.....]
Gold:   0          SH:  0    Dex:  9    Spells: 1/1 levels left

rFire    . . .     SeeInvis .   a - +0 mace
rCold    . . .     Gourm    +   (no shield)
rNeg     . . .     Faith    .   b - +0 animal skin
rPois    .         Spirit   .   (helmet restricted)
rElec    .         Reflect  .   (no cloak)
rCorr    .         Harm     .   (gloves unavailable)
MR       .....                  (boots unavailable)
Stlth    ..........             (no amulet)
HPRegen  0.54/turn              (no ring)
MPRegen  0.07/turn              (no ring)

@: berserking, very quick
A: large, unfitting armour, claws 3, fast metabolism 3, gourmand, regeneration
1, shaggy fur 1, tough skin 3
a: Berserk, Renounce Religion


You were on level 3 of the Dungeon.
You worshipped Trog.
Trog was aware of your devotion.
You were full.

You visited 1 branch of the dungeon, and saw 3 of its levels.

Inventory:

Hand Weapons
 a - a +0 mace (weapon)
Armour
 b - a +0 animal skin (worn)
Comestibles
 c - 2 rations


   Skills:
 + Level 2.5 Fighting
 * Level 3.1 Maces & Flails
 + Level 2.5 Dodging


You had one spell level left.
You didn't know any spells.
Your spell library was empty.

Dungeon Overview and Level Annotations

Branches:
Dungeon (3/15)

Altars:


Innate Abilities, Weirdness & Mutations

You are too large for most types of armour.
You have claws for hands.
Your metabolism is lightning-fast.
You like to eat raw meat.
Your natural rate of healing is unusually fast.
You are covered in fur. (AC +1)
You have extremely tough skin. (AC +3)


Message History

You barely miss the ice beast. The ice beast hits you.
The ice beast freezes you!
* * * LOW HITPOINT WARNING * * *
The ice beast closely misses you.
A red film seems to cover your vision as you go berserk!
You feel yourself moving faster!
You feel mighty!
You feel a lot less full.
The ice beast hits you but does no damage.
You closely miss the ice beast. You hit the ice beast but do no damage.
The ice beast barely misses you.
You barely miss the ice beast. The ice beast closely misses you.
You closely miss the ice beast.
The ice beast hits you but does no damage.
You closely miss the ice beast. The ice beast barely misses you.
You closely miss the ice beast. You sock the ice beast!
The ice beast is heavily wounded.
The ice beast hits you.
* * * LOW HITPOINT WARNING * * *
The ice beast freezes you.
You die...

### .# .. .. ##
#. .#..
#.###.##.#..###
#.#...........
........#..#
#.#.#..Y.#..#
#......@....###
##..#.?........
.........##.#.#
###.###..# # #
#..# #..#
###.###..#
..#.....#
###.####.###..#


You could see an ice beast.

Vanquished Creatures
  A hobgoblin (D:1)
  7 jackals
  A frilled lizard (D:1)
  2 rats
11 creatures vanquished.

Notes
Turn   | Place    | Note
-------+----------+-------------------------------------------
     0 | D:1      | Lanoc the Troll Berserker began the quest for the Orb.
     0 | D:1      | Reached XP level 1. HP: 22/22 MP: 0/0
    64 | D:1      | Reached skill level 3 in Maces & Flails
    64 | D:1      | Reached XP level 2. HP: 25/29 MP: 1/1
   122 | D:3      | Noticed an ice beast
   136 | D:3      | Slain by an ice beast

Levels and vault maps discovered:
D:1:      evilmike_arrival_hilbert_curve, layout_basic
D:2:      layout_loops_cross
D:3:      layout_loops_ring, serial_park_tiny_1, dk_xom_monty_hall

Skill      XL: |  1 |
---------------+----+-----
Maces & Flails | 3 |  3.1
Fighting       | |  2.5
Dodging        | |  2.5

Action                   || total
-------------------------++-------
Melee: Mace              ||    39
Invok: Berserk           ||     2
  Eat: Chunk             ||     5
Armor: Animal skin       ||    30
Dodge: Dodged            ||    33

Table legend:
 A = Non-vault XP
 B = Vault XP
 C = Vault XP percentage of total XP
 D = Non-vault monster count
 E = Vault monster count
 F = Vault count percentage of total count
                 A         B        C        D         E       F
            +---------+---------+-------+---------+---------+-------
      Total |      19 |       0 |   0.0 |      11 |       0 |   0.0
            +---------+---------+-------+---------+---------+-------
        D:1 |      12 |       0 |   0.0 |       7 |       0 |   0.0
        D:2 |       6 |       0 |   0.0 |       3 |       0 |   0.0
        D:3 |       1 |       0 |   0.0 |       1 |       0 |   0.0
            +---------+---------+-------+---------+---------+-------
